Un tizio, neutral male human Tourist --------- --------- | | ----- |.^.-- -------------- --- ---- -- -- ----- |.... | | --- | -- |.|........--------- --------- ------ | | -- | |.|-......G@. | -- -- | | -- ^ -- | -- |.|---.------ -- |-- - | -- | ---- | --.| |.| -- ^^ ---| ---- --- --- --- --..| | |-- -- | --- -- | | |<..| |^-- -- -- | -- -- | | |..-- | ^ --- -- | -- -- | -- ---- | --- | -- -- - ------- | | -- -- | --- | | | | | |----- > -- | | --- ----- | -- | | -- --- -- | -- | | | |-- | --- | --- |-------- | ------| ---- --- ---| -----| -- | | | | -------- --- -| | | | | -- ---- -- | | -- ------- --- -- -- | -- -- --- | | --- -- --- ------- -- ---------- --- --| | --- --- ----- Un tizio the Rambler Experience level: 1 Strength: 11 Dexterity: 10 Constitution: 17 Intelligence: 14 Wisdom: 6 Charisma: 15 Health: 0(17) Energy: 3(3) Def: 0 Gold: 622 Moves: 551 Dungeon seed: SntOlTqLTudt7BLf Game ID: Un tizio_1527696658 Your Inventory: Coins $ - 622 gold pieces Weapons a - 36 blessed +2 darts (wielded) Armor e - an uncursed +0 Hawaiian shirt (being worn) Comestibles b - an uncursed tripe ration c - 5 uncursed food rations d - 2 uncursed cream pies f - 4 uncursed tins of spinach g - an uncursed tin of newt meat h - 2 uncursed melons Scrolls j - a blessed scroll of magic mapping k - an uncursed scroll of magic mapping s - a cursed scroll of water Spellbooks t - an uncursed spellbook of healing Potions i - an uncursed potion of extra healing p - an uncursed potion of hallucination Rings q - an uncursed ring of protection from shape changers Wands n - an uncursed wand of secret door detection (0:11) Tools l - an uncursed expensive camera (0:88) m - an uncursed tin opener o - an uncursed credit card Spells and supernatural/magical abilities: Name Level Category Fail Memory W - pray for help -- divine ? -- Your skills at the end: Miscellaneous Skills wands [Basic] Weapon Skills dart [Basic] Spellcasting Skills Final Attributes: You were devoutly aligned. You were very stealthy. You were lucky. You are dead. Vanquished creatures: a jackal 4 newts a goblin a grid bug 2 lichens 9 creatures vanquished. Voluntary challenges: You did not adorn yourself with jewelry or accessories. You did not cause conflict. You were not invisible. You did not have reflection. You were not displaced. You used a wielded weapon 9 times, starting on turn 27. You did not apply a unicorn horn. You did not use plumbed fixtures. You read items or engraved 2 times, starting on turn 373. You never genocided any monsters. You never polymorphed an object. You never changed form. You used no wishes. You never split a pudding. You never wrote Elbereth's name. You never violated your personal moral code. Dungeon overview: The Dungeons of Doom: levels 1 to 2 Level 1 a fountain a long staircase Level 2 stairs to The Gnomish Mines The Gnomish Mines: Level 3 <- You were here stairs to The Dungeons of Doom History has recorded: On T:1 you entered the Dungeons of Doom to retrieve the Amulet of Yendor! On T:470 you reached level 2 of The Dungeons of Doom. On T:490 you prayed to The Lady. On T:531 you reached level 1 of The Gnomish Mines. Score breakdown: Gold: 95 ( 9 points) Experience: 1 level ( 0 points) Exploration: 3 levels ( 60 points) Discoveries: 4 items ( 200 points) Variety of kills: 5 monsters ( 250 points) Major goal: (nothing yet) ( 0 points) Survival: died (score multiplied by 3) Total score: 1557 Latest messages: You kill the jackal! There is a doorway here. You see here a jackal corpse. The grid bug bites! You get zapped! You kill the grid bug! You hear someone cursing shoplifters. As you read the scroll, it disappears. A map coalesces in your mind! The dart hits the gnome lord. The dart hits the gnome lord. The gnome lord punches you! The dart hits the gnome lord. The gnome lord punches you! You die... Final status: Aloha Un tizio the Tourist, killed by a gnome lord... You died in The Gnomish Mines on dungeon level 3 with 1557 points, and 622 pieces of gold, after 551 moves. You were level 1 with a maximum of 17 hit points when you died.